 Dungeon Crawl Stone Soup version 0.27.0-1-g7a089689b8 (webtiles) character file.

Game seed: 4392578478428571821

5022 SnakkuSnakku7 the Basher (level 10, -6/50 HPs)
             Began as a Gargoyle Necromancer on Aug 5, 2021.
             Was a Believer of the Shining One.
             Collided with a rock wall (9 damage)
             ... caused by Erica
             ... on level 9 of the Dungeon.
             The game lasted 00:16:18 (7809 turns).

SnakkuSnakku7 the Basher (Gargoyle Necromancer)     Turns: 7809, Time: 00:16:21

Health: -6/50      AC: 26    Str: 20    XL:     10   Next: 55%
Magic:  13/13      EV:  4    Int: 17    God:    the Shining One [**....]
Gold:   106        SH: 10    Dex: 10    Spells: 10/13 levels left

rFire    . . .     SeeInvis .   a - +2 whip (venom)
rCold    . . .     Faith    .   v - +0 kite shield
rNeg     + + .     Spirit   .   u - +0 plate armour
rPois    ∞         Reflect  .   w - +0 helmet
rElec    +         Harm     .   f - scarf {shadows}
rCorr    .         Rampage  .   B - +2 pair of gloves
Will     .....                  p - +0 pair of boots
Stlth    ..........             O - amulet of the acrobat
HPRegen  0.16/turn              e - +6 ring of strength
MPRegen  0.13/turn              y - +4 ring of protection

@: slowed, glowing, very slow
A: sickness immunity, AC +7, negative energy resistance 1, electricity
resistance, torment resistance 1, petrification resistance
a: Renounce Religion, Divine Shield


You were on level 9 of the Dungeon.
You worshipped the Shining One.
The Shining One was pleased with you.
You visited 2 branches of the dungeon, and saw 10 of its levels.

You collected 443 gold pieces.
You spent 337 gold pieces at shops.

Inventory:

Hand Weapons
 a - a +2 whip of venom (weapon)
 b - a +0 dagger of venom
Missiles
 g - 23 poisoned darts (quivered)
 C - 2 javelins
Armour
 f - a scarf of shadows (worn)
 p - a +0 pair of boots (worn)
 u - a +0 plate armour (worn)
 v - a +0 kite shield (worn)
 w - a +0 helmet (worn)
 B - a +2 pair of gloves (worn)
Jewellery
 e - a +6 ring of strength (left hand)
 r - a ring of protection from fire
 x - a ring of resist corrosion
 y - a +4 ring of protection (right hand)
 G - the ring "Cegaawadd" {Ice rElec rPois Will- Int+3}
   (You found it on level 6 of the Dungeon)

   [ring of ice]

   It enhances your ice magic.
   Int:       It affects your intelligence (+3).
   rF:        It makes you vulnerable to fire.
   rC:        It protects you from cold.
   rElec:     It insulates you from electricity.
   rPois:     It protects you from poison.
   Will:      It decreases your willpower.
 O - an amulet of the acrobat (around neck)
Wands
 q - a wand of polymorph (15)
 t - a wand of paralysis (7)
 z - a wand of digging (13)
 E - a wand of flame (32)
Scrolls
 c - a scroll of brand weapon
 i - 2 scrolls of enchant weapon
 k - 5 scrolls of magic mapping
 n - 2 scrolls of enchant armour
 A - 3 scrolls of teleportation
 I - a scroll of noise {unknown}
 L - a scroll of acquirement {unknown}
 M - a scroll of vulnerability {unknown}
Potions
 d - 2 potions of haste {unknown}
 h - 2 potions of berserk rage {unknown}
 j - 2 potions of brilliance
 l - 2 potions of resistance
 m - 2 potions of heal wounds
 o - 2 potions of curing
 s - a potion of might
 D - a potion of magic
 F - 4 potions of lignification {unknown}
 H - 2 potions of attraction {unknown}
 K - a potion of cancellation


   Skills:
 - Level 12.0 Maces & Flails
 - Level 6.0 Throwing
 - Level 1.5 Dodging
 - Level 2.1 Stealth
 + Level 6.3 Shields
 - Level 2.0 Spellcasting
 - Level 3.5 Necromancy


You had 10 spell levels left.
You knew the following spells:

 Your Spells              Type           Power      Damage    Failure   Level
b - Vampiric Draining     Necr           6%         2d6       100%        3

Your spell library contained the following spells:

 Spells                   Type           Power      Damage    Failure   Level
 Animate Skeleton         Necr           26%        N/A       99%         1
 Pain                     Necr           52%        1d6       99%         1
 Foxfire                  Conj/Fire      4%         2x1d4     100%        1
 Conjure Flame            Conj/Fire      1%         6-21      100%        3
 Inner Flame              Hex/Fire       1%         N/A       100%        3
 Animate Dead             Necr           6%         N/A       100%        4
 Agony                    Necr           13%        N/A       100%        5


Dungeon Overview and Level Annotations

Branches:
Dungeon (9/15)             Temple (1/1) D:6
   Lair: D:8-11         Orc: D:9-12

Altars:
Ashenzari
Cheibriados
Dithmenos
Elyvilon
Fedhas
Gozag
Kikubaaqudgha
Makhleb
Nemelex Xobeh
Okawaru
Qazlal
Ru
Sif Muna
Trog
Uskayaw
Vehumet
Wu Jian
Xom
Yredelemnul
Zin
The Shining One

Shops:
D:8 *

Annotations:
D:7 2 transporters, esper6's ghost, novice VSBr
D:9 Erica


Innate Abilities, Weirdness & Mutations

You are immune to sickness and miasma.
Your stone body is resilient. (AC +7)
You are immune to poison.
You resist negative energy. (rN+)
You are resistant to electric shocks. (rElec)
You are resistant to unholy torment.
You are immune to petrification.


Message History

The gnoll sergeant hits you but does no damage.
Your plate armour prevents you from hitting the gnoll sergeant.
The gnoll sergeant is almost dead.
The gnoll sergeant hits you with a +0 trident.
You hit the gnoll sergeant.
You kill the gnoll sergeant!
You whack the gnoll!
The gnoll is poisoned.
The gnoll is heavily wounded.
Erica mumbles some strange words.
Erica flickers and vanishes for a moment.
The gnoll hits you but does no damage.
You whack the gnoll!
You kill the gnoll!
Erica gestures at you while chanting. You resist with significant effort.
Items here: )) [ †.
You barely miss Erica.
Erica points at you and mumbles some strange words.
You feel yourself slow down.
You hit Erica but do no damage.
Erica is poisoned.
Erica hits you with a +3 scimitar of flaming!
Erica burns you.
You hit Erica but do no damage.
Erica looks as sick as possible!
Erica is lightly wounded.
You block Erica's attack.
You hit Erica.
Erica looks as sick as possible!
Erica is lightly wounded.
You block Erica's attack.
You hit Erica.
Erica looks as sick as possible!
Erica is lightly wounded.
Erica hits you with a +3 scimitar of flaming.
Erica burns you.
You hit Erica but do no damage.
Erica looks as sick as possible!
Erica is lightly wounded.
Erica gestures at you while chanting. The lance of force hits you!
* * * LOW HITPOINT WARNING * * *
You are knocked back by the lance of force.
You slam into the rock wall!
You die...

... ##.##
.g. #g# #{#
#)# #.# #
#.####..#
#@......#
##.######
#.# #. ..
..##.#
#.##.##.##.#
........##.#
.....#..##.#
........##.#
........##.#


You could see 2 gnolls.

Vanquished Creatures
  Pikel (D:4)
  2 centaur zombies (D:8)
  2 tengu conjurers (D:8)
  Prince Ribbit (D:8)
  Eustachio (D:5)
  Menkaure (D:5)
  An acid dragon (D:5)
  3 water moccasins
  A hornet zombie (D:7)
  3 necrophages
  An orc warrior (D:6)
  An ogre (D:4)
  4 centaurs
  A phantom (D:7)
  2 kobold brigands (D:8)
  2 bullfrogs
  2 gnoll sergeants
  A wyvern zombie (D:6)
  2 scorpions
  3 wyvern skeletons (D:7)
  5 killer bees (D:7)
  4 howler monkeys (D:7)
  A bullfrog zombie (D:5)
  A hound (D:4)
  4 orc priests
  A bullfrog skeleton (D:6)
  3 centaur skeletons
  4 iguanas
  7 orc wizards
  Natasha (thrice) (D:4)
  A killer bee zombie (D:8)
  8 gnolls
  A howler monkey skeleton (D:5)
  7 adders
  A shadow imp (D:3)
  2 worms
  4 dart slugs
  27 orcs
  4 bats
  3 endoplasms
  2 giant cockroaches
  4 hobgoblins
  3 jackals
  13 kobolds
  4 quokkas
  6 ball pythons
  3 frilled lizards
  6 goblins
  2 rats
169 creatures vanquished.

Vanquished Creatures (others)
  A gnoll (D:8)
1 creature vanquished.

Grand Total: 170 creatures vanquished

Notes
Turn   | Place    | Note
-------+----------+-------------------------------------------
     0 | D:1      | SnakkuSnakku7 the Gargoyle Necromancer began the quest for
                  | the Orb.
     0 | D:1      | Reached XP level 1. HP: 10/10 MP: 3/3
   851 | D:2      | Reached XP level 2. HP: 12/15 MP: 0/5
   908 | D:1      | Reached skill level 1 in Throwing
  1025 | D:2      | Reached XP level 3. HP: 3/19 MP: 0/6
  1029 | D:2      | Learned a level 3 spell: Vampiric Draining
  1171 | D:2      | Found an ancient bone altar of Kikubaaqudgha.
  1775 | D:3      | Reached XP level 4. HP: 8/24 MP: 7/7
  2283 | D:3      | Found a faded altar of an unknown god.
  2898 | D:4      | Noticed a lemure
  2898 | D:4      | Noticed a lemure
  2898 | D:4      | Noticed a lemure
  2899 | D:4      | Noticed Pikel
  2932 | D:4      | Killed Pikel
  2933 | D:4      | Reached skill level 2 in Maces & Flails
  2933 | D:4      | Reached XP level 5. HP: 19/28 MP: 1/8
  2933 | D:4      | Reached XP level 6. HP: 22/32 MP: 1/9
  2933 | D:4      | Reached XP level 7. HP: 24/36 MP: 1/10
  2944 | D:4      | Noticed Natasha
  3140 | D:4      | Killed Natasha
  3275 | D:4      | Reached skill level 3 in Maces & Flails
  3437 | D:4      | Reached skill level 4 in Maces & Flails
  3526 | D:4      | Noticed Natasha
  3536 | D:4      | Killed Natasha
  3637 | D:4      | Noticed Natasha
  3647 | D:4      | Killed Natasha
  3813 | D:5      | Entered Level 5 of the Dungeon
  3841 | D:5      | Reached skill level 5 in Maces & Flails
  3841 | D:5      | Reached XP level 8. HP: 16/41 MP: 11/11
  3849 | D:5      | Noticed Menkaure
  4185 | D:5      | Reached skill level 6 in Maces & Flails
  4469 | D:5      | Killed Menkaure
  4470 | D:5      | Reached skill level 7 in Maces & Flails
  4591 | D:6      | Noticed Eustachio
  4604 | D:5      | Killed Eustachio
  4625 | D:6      | Found a staircase to the Ecumenical Temple.
  4647 | Temple   | Entered the Ecumenical Temple
  4841 | D:6      | Identified the ring "Cegaawadd" {Ice rElec rPois Will-
                  | Int+3}
  4857 | D:6      | Reached skill level 8 in Maces & Flails
  5032 | D:6      | Noticed a kobold demonologist
  5033 | D:6      | Noticed an orange demon
  5083 | D:6      | Reached XP level 9. HP: 26/45 MP: 12/12
  5190 | D:6      | Reached skill level 9 in Maces & Flails
  5291 | D:6      | Found a bloodstained altar of Trog.
  5297 | D:6      | Found a glowing golden altar of the Shining One.
  5303 | D:6      | Found a sparkling altar of Nemelex Xobeh.
  5304 | D:6      | Found a radiant altar of Vehumet.
  5534 | D:6      | Became a worshipper of the Shining One
  5658 | D:6      | Reached skill level 10 in Maces & Flails
  6120 | D:7      | Reached skill level 11 in Maces & Flails
  6126 | D:7      | Found a transporter.
  6129 | D:7      | Noticed esper6's ghost (novice VSBr)
  6131 | D:7      | Reached * piety under the Shining One
  6132 | D:7      | Found a transporter.
  6631 | D:7      | Reached XP level 10. HP: 45/50 MP: 13/13
  6890 | D:8      | Found Zanosupo's Assorted Antiques.
  6917 | D:8      | Reached skill level 12 in Maces & Flails
  6930 | D:8      | Bought a glass ring for 135 gold pieces
  6930 | D:8      | Bought a scroll labelled SYLUSER ACAAJEI for 27 gold pieces
  6930 | D:8      | Bought a scroll of magic mapping for 94 gold pieces
  6930 | D:8      | Bought a scroll of teleportation for 81 gold pieces
  7041 | D:8      | Noticed Prince Ribbit
  7054 | D:8      | Killed Prince Ribbit
  7403 | D:8      | Found the +0 staff of Battle
  7416 | D:8      | Reached skill level 5 in Shields
  7791 | D:9      | Noticed Erica
  7791 | D:9      | Reached ** piety under the Shining One
  7809 | D:9      | Collided with a rock wall

Illustrated notes

Levels and vault maps discovered:
D:1:      minmay_arrival_glassed_features, layout_loops_corners
D:2:      layout_rooms, basic_altar, minmay_small_reverse_x
D:3:      layout_loops_ring, ebering_ecumenical_altar_sacrificial
D:4:      layout_loops_ring, chequers_garden, st_stairs_12, minivault_27,
          uniq_pikel, uniq_natasha
D:5:      layout_rooms, uniq_menkaure
D:6:      minmay_opposing_rooms, layout_rooms, minitemple, temple_doors_ab,
          uniq_eustachio
D:7:      layout_loops_ring, gammafunk_ghost_mausoleum, serial_park_tiny_2
D:8:      layout_loops_ring, nicolae_stop_n_shop_2, kennysheep_donut,
          hellmonk_guarded_unrand_staff_of_battle, uniq_prince_ribbit1
D:9:      layout_loops_cross, uniq_grum, uniq_erica
Temple:   minmay_crystal_spiral_temple

Skill      XL: |  1  2  3  4  5  6  7  8  9 10 |
---------------+-------------------------------+-----
Throwing       | 1 2 6 |  6.0
Maces & Flails | 2 5 8 11 12 | 12.0
Shields        | 6 |  6.3
Dodging        | |  1.5
Stealth        | |  2.1
Spellcasting   | |  2.0
Necromancy     | |  3.5

Action                   |  1- 3 |  4- 6 |  7- 9 | 10-12 || total
-------------------------+-------+-------+-------+-------++-------
Melee: Short sword       |    51 |    60 |       |       ||   111
       Mace              |       |    34 |       |       ||    34
       Whip              |       |       |   472 |   181 ||   653
       Unarmed           |       |       |     3 |       ||     3
Throw: Dart              |     6 |       |    16 |       ||    22
 Cast: Pain              |    45 |    10 |       |       ||    55
       Vampiric Draining |       |     5 |       |       ||     5
Evoke: Wand              |       |     2 |     7 |       ||     9
  Use: Scroll            |       |       |    15 |     1 ||    16
 Stab: Sleeping          |     1 |       |     3 |       ||     4
       Paralysed         |       |    10 |    11 |       ||    21
Armor: Robe              |    38 |    29 |    44 |       ||   111
       Plate armour      |       |       |   274 |   120 ||   394
       Skin              |       |       |     2 |       ||     2
Dodge: Dodged            |    73 |    64 |   127 |    39 ||   303
Block: Kite shield       |       |       |       |    72 ||    72
